Map: [ESL] Alcyone

Players

Lambo

  • Race: Zerg Zerg
  • Spawn Location: 1:00

Serral - Winner!

  • Race: Zerg Zerg
  • Spawn Location: 7:00

Event: HomeStory Cup XXIV

VOD

Have the link to the VOD?

Description

Time

  • Played on: Dec. 3, 2023, 9:02 a.m.
  • Length: 21:28

All games in this series

Show
View Real Time Build Order
Export as new Build Order

Lambo Zerg 

Build Orders: Hatch First 

Get SALT Encoding   

  12  0:00  Drone  
  13  0:12  Overlord  
  13  0:17  Drone  
  14  0:30  Drone x2  
  14  0:34  Drone  
  17  0:52  Hatchery  
  17  0:55  Drone  
  17  0:59  Drone  
  18  1:10  Extractor  
  17  1:13  Spawning Pool  
  17  1:16  Drone  
  17  1:19  Drone  
  18  1:28  Drone  
  19  1:42  Drone  
  20  1:52  Drone  
  21  2:03  Queen x2  
  21  2:04  Drone  
  26  2:09  Metabolic Boost  
  26  2:14  Overlord  
  27  2:15  Drone  
  27  2:18  Zergling x2  
  28  2:34  Drone  
  28  2:35  Drone x2  
  31  2:39  Hatchery  
  31  2:41  Drone  
  31  2:46  Drone  
  31  2:50  Overlord  
  32  2:57  Drone  
  33  3:04  Roach Warren  
  32  3:06  Evolution Chamber  
  32  3:07  Queen  
  32  3:12  Drone  
  34  3:13  Drone x3  
  34  3:15  Extractor  
  34  3:16  Drone x2  
  34  3:17  Drone  
  39  3:20  Zergling x2  
  39  3:25  Spine Crawler  
  39  3:26  Zergling x4  
  41  3:31  Zergling x2  
  42  3:43  Roach  
  42  3:48  Roach x3  
  44  3:50  Roach x2  
  44  3:52  Zergling x4  
  40  3:58  Roach  
  40  4:03  Roach  
  40  4:13  Zergling x6  
  40  4:21  Roach  
Show
View Real Time Build Order
Export as new Build Order

Serral Zerg - Winner!

Build Orders: Hatch First, Zergling Baneling 

Get SALT Encoding   

  12  0:00  Drone  
  13  0:12  Overlord  
  13  0:16  Drone  
  14  0:30  Drone x2  
  16  0:46  Hatchery  
  15  0:50  Drone  
  15  0:54  Drone  
  15  0:56  Drone  
  18  1:04  Extractor  
  17  1:12  Spawning Pool  
  17  1:15  Drone  
  18  1:18  Drone  
  18  1:27  Drone  
  19  1:38  Drone  
  20  1:49  Drone  
  21  1:59  Queen x2  
  21  2:00  Zergling x2  
  21  2:01  Overlord  
  26  2:04  Metabolic Boost  
  26  2:10  Drone  
  26  2:11  Zergling x2  
  28  2:21  Zergling x4  
  30  2:25  Baneling Nest  
  29  2:30  Zergling x2  
  29  2:32  Zergling x2  
  31  2:42  Overlord  
  31  2:44  Zergling x2  
  32  2:53  Zergling x4  
  34  3:04  Zergling x4  
  36  3:07  Zergling x2  
  36  3:08  Zergling x10  
  36  3:12  Baneling x2  
  42  3:16  Overlord  
  42  3:17  Zergling x2  
  43  3:27  Zergling x2  
  43  3:31  Baneling x3  
  43  3:32  Baneling x2  
  44  3:36  Zergling x2  
  42  3:49  Zergling x2  
  42  3:50  Zergling x10  
  42  3:54  Drone x2  
  49  4:03  Drone x2  
  49  4:06  Baneling x3  
  49  4:07  Baneling  
  49  4:09  Drone  
  49  4:21  Zergling x8  
  50  4:31  Zergling x6  
Tags
 
Add a new tag
Caveats
  • Supply blocks, unpowered buildings, or Contaminate may cause inaccurate times.
  • Supply counts are checked every 10 seconds.